 Dungeon Crawl Stone Soup version bcrawl-1.17.3 (webtiles) character file.

Game seed: 12710985664398012736

13830 Anmu the Destroyer (level 12, -4/99 HPs)
             Began as a Fairy Conjurer on Oct 25, 2019.
             Was a Believer of Sif Muna.
             Hit by a large rock thrown by a cyclops (14 damage)
             ... on level 10 of the Dungeon.
             The game lasted 00:32:37 (11139 turns).

Anmu the Destroyer (Fairy Conjurer)                Turns: 11139, Time: 00:32:38

Health: -4/99      AC: 26    Str: 13    XL:     12   Next: 10%
Magic:  3/31       EV:  3    Int: 28    God:    Sif Muna [**....]
Gold:   874        SH:  9    Dex: 17    Spells: 31/38 levels left

rFire    . . .     SeeInvis .   x - +3 quarterstaff (flame)
rCold    . . .     Gourm    .   (shield currently unavailable)
rNeg     + + +     Faith    .   (armour unavailable)
rPois    +         Spirit   .   (helmet currently unavailable)
rElec    +         Reflect  +   (cloak currently unavailable)
rCorr    .         Harm     .   (gloves currently unavailable)
MR       +++..     NoTele   +   (boots currently unavailable)
Stlth    ++........             w - +2 amulet of reflection
HPRegen  0.26/turn              r - ring of protection from magic
MPRegen  0.22/turn              E - ring of Eternal Night {*Contam rElec MR+ Str+7 Int+4}

@: tree-form
A: small, magic attunement, unstealthy, unfitting armour, agile 2, AC/SH +7
a: Divine Energy, Renounce Religion


You were on level 10 of the Dungeon.
You worshipped Sif Muna.
Sif Muna was pleased with you.
You were not hungry.
You were a tree.
You visited 2 branches of the dungeon, and saw 11 of its levels.
You also visited: Sewer.

You collected 874 gold pieces.

Inventory:

Hand Weapons
 x - a +3 quarterstaff of flaming (weapon)
Armour
 a - a +2 cloak of magic resistance (melded)
 s - a +0 helmet (melded)
 v - a +1 cloak of invisibility
 A - a +0 pair of gloves (melded)
Jewellery
 d - an uncursed ring of ice
 l - an uncursed ring of ice
 r - a ring of protection from magic (left branch)
 t - an uncursed ring of fire
 w - a +2 amulet of reflection (around neck)
 E - the ring of Eternal Night (right branch) {*Contam rElec MR+ Str+7 Int+4}
   (You found it on level 9 of the Dungeon)

   [ring of protection from magic]

   It affects your strength (+7).
   It affects your intelligence (+4).
   It insulates you from electricity.
   It affects your resistance to hostile enchantments.
   It causes magical contamination when unequipped.
Wands
 m - a wand of iceblast (22)
 p - a wand of paralysis (9)
 u - a wand of disintegration (13)
 C - a wand of enslavement (6)
Scrolls
 e - a scroll of fear
 g - 7 scrolls of remove curse
 h - 12 scrolls of identify
 j - 15 scrolls of teleportation
 k - 2 scrolls of enchant weapon
 o - 3 scrolls of fog
 q - 4 scrolls of amnesia
 y - a scroll of blinking
 D - a scroll of vulnerability {unknown}
 F - 2 scrolls of magic mapping {unknown}
Potions
 b - a potion of magic
 f - 3 potions of might
 i - a potion of lignification
 n - 2 potions of curing
 z - 2 potions of resistance
 B - a potion of cancellation
Comestibles
 c - 11 rations {!d}


   Skills:
 + Level 0.3 Staves
 * Level 11.5 Dodging
 + Level 3.4 Stealth
 + Level 13.6 Spellcasting
 + Level 13.6 Conjurations
 + Level 2.4 Charms
 + Level 2.6 Necromancy
 + Level 1.3 Evocations


You had 31 spell levels left.
You knew the following spells:

 Your Spells              Type           Power        Failure   Level  Hunger
a - Magic Dart            Conj           ####         0%          1    None
b - Iskenderun's Mystic   Conj           #######.     1%          3    None
c - Regeneration          Chrm/Necr      ####......   3%          3    None

Your spell library contained the following spells:

 Spells                   Type           Power        Failure   Level  Hunger
 Searing Ray              Conj           ######       0%          2    None
 Animate Skeleton         Necr           N/A          1%          1    None
 Pain                     Necr           ####..       1%          1    None
 Shock                    Conj/Air       #####        1%          1    None
 Dazzling Spray           Conj/Hex       ######       1%          3    None
 Mephitic Cloud           Conj/Pois/Air  #####...     1%          3    None
 Fulminant Prism          Conj/Hex       ######....   1%          4    None
 Corona                   Hex            ###....      2%          1    None
 Summon Small Mammal      Summ           ###.         2%          1    None
 Vampiric Draining        Necr           ####......   2%          3    None
 Bolt of Draining         Conj/Necr      ######....   2%          5    None
 Call Imp                 Summ           ###.....     4%          2    None
 Ensorcelled Hibernation  Hex/Ice        ###...       4%          2    None
 Irradiate                Conj/Tmut      ######....   4%          5    None
 Lightning Bolt           Conj/Air       ######....   4%          5    None
 Call Canine Familiar     Summ           ###.....     9%          3    None
 Confuse                  Hex            ###.....     9%          3    None
 Tukima's Dance           Hex            ###.....     9%          3    None
 Animate Dead             Necr           N/A          9%          4    None
 Summon Ice Beast         Ice/Summ       ###.....     26%         4    None
 Summon Lightning Spire   Summ/Air       ###.....     58%         5    None
 Spellforged Servitor     Conj/Summ      ######....   82%         7    None
 Dragon Form              Tmut           ###....      100%        7    None


Dungeon Overview and Level Annotations

Branches:
Dungeon (10/12)            Temple (1/1) D:7            Lair (0/6) D:9
    Orc (0/1) D:8

Altars:
Ashenzari
Cheibriados
Dithmenos
Elyvilon
Fedhas
Gozag
Hepliaklqana
Kikubaaqudgha
Lugonu
Makhleb
Nemelex Xobeh
Okawaru
Qazlal
Ru
Sif Muna
Trog
Uskayaw
Vehumet
Wu Jian
Xom
Yredelemnul
Zin
The Shining One


Innate Abilities, Weirdness & Mutations

Your spells do not cause hunger and MP costs are reduced by 1.
Your bright wings attract enemies. (Stealth-)
You cannot fit into any form of body armour.
((Your shimmering scales are hard and can block incoming attacks. (AC +7, SH +7)))
You are small and have problems with some larger weapons.
((You can fly continuously.))
You are very agile. (Dex +4)


Message History

Casting: Magic Dart (safe; 0% risk of failure)
Confirm with . or Enter, or press ? or * to list all spells.
Aiming: Magic Dart (safe; 0% risk of failure)
Press: ? - help, Shift-Dir - straight line, f/p - cyclops
Aim: a cyclops (moderately wounded)
The magic dart hits the cyclops.
The cyclops is moderately wounded.
The cyclops throws a large rock.
You reflect the large rock off an invisible shield around you!
The large rock hits the cyclops!!
You feel better.
Really quaff the potion of lignification?
You turn into a tree.
Your +2 cloak of magic resistance melds into your body.
Your +0 helmet melds into your body.
Your +0 pair of gloves melds into your body.
You feel less resistant to hostile enchantments.
Your roots penetrate the ground.
The cyclops throws a large rock.
The large rock hits you!
You die...

#. #. ############
#..........#
#.########.# .
#.########.##.
..##.######.##..........
.....C.♣.........###..#.
#?##.####.#.####.# #..#.
#.#.# #.# #..#. #.#.#
#.###.†#.
#.#.####........
#.#...........#†
#.#############† #.# #.
#.# #.


You could see a cyclops.

Vanquished Creatures
  A hydra (D:9)
  Erolcha (D:10)
  The ghost of endorz the Grappler, a novice TrFi of Okawaru (D:9)
  An unseen horror (D:9)
  An ugly thing (D:10)
  3 trolls
  3 slime creatures (D:10)
  Grinder (D:5)
  A hippogriff (D:9)
  A shadow (D:10)
  A wraith (D:10)
  5 yaks (D:10)
  A wyvern (D:9)
  A steam dragon (D:8)
  A hungry ghost (D:10)
  Menkaure (D:6)
  4 porcupines (D:9)
  An eye of draining (D:9)
  3 sky beasts
  An ice beast (D:9)
  3 phantoms
  5 orc warriors
  3 black bears
  A necrophage (D:6)
  4 ogres
  2 centaurs
  2 crocodiles
  7 bullfrogs
  6 big kobolds
  2 gnoll sergeants (D:8)
  5 scorpions
  3 killer bees (D:7)
  12 wights
  A howler monkey (D:9)
  8 crimson imps
  2 centaur zombies
  8 hounds
  14 orc wizards
  Crazy Yiuf (D:6)
  11 orc priests
  2 bullfrog skeletons
  3 centaur skeletons
  Jessica (D:2)
  4 iguanas
  4 worker ants
  A hound zombie (D:6)
  3 worker ant zombies (D:6)
  A howler monkey zombie (D:6)
  8 gnolls
  6 adders
  A shadow imp (D:7)
  An ooze (D:1)
  2 adder zombies (D:6)
  3 adder skeletons
  3 worms
  2 dart slugs (D:1)
  11 leopard geckos
  47 orcs
  10 bats
  10 giant cockroaches
  6 goblins
  8 hobgoblins
  8 jackals
  13 kobolds
  5 quokkas
  2 ball pythons
  2 frilled lizards (D:1)
  A jackal zombie (D:6)
  2 quokka skeletons
  A quokka zombie (D:6)
  4 rats
  7 fungi
  4 plants (D:9)
319 creatures vanquished.

Vanquished Creatures (others)
  A cyclops (D:10)
  A centaur (D:9)
  7 fungi (D:9)
  A plant (D:9)
10 creatures vanquished.

Grand Total: 329 creatures vanquished

Notes
Turn   | Place    | Note
-------+----------+-------------------------------------------
     0 | D:1      | Anmu the Fairy Conjurer began the quest for the Orb.
     0 | D:1      | Reached XP level 1. HP: 11/11 MP: 6/6
    35 | D:1      | Reached skill level 5 in Conjurations
    83 | D:1      | Reached XP level 2. HP: 17/17 MP: 7/7
   153 | D:1      | Reached XP level 3. HP: 21/21 MP: 9/9
   158 | D:1      | Learned a level 3 spell: Iskenderun's Mystic Blast
   639 | D:2      | Gained mutation: Scrolls take you a little longer to read.
                  | [potion of mutation]
   639 | D:2      | Gained mutation: You expend magic power (3 MP) to
                  | strengthen your wands. [potion of mutation]
   811 | D:2      | Found a hazy altar of Hepliaklqana.
   991 | D:2      | Noticed Jessica
   993 | D:2      | Killed Jessica
   993 | D:2      | Reached XP level 4. HP: 27/27 MP: 5/11
  1114 | D:2      | Found a bloodstained altar of Trog.
  1421 | D:3      | Found a glowing drain.
  1451 | Sewer    | Entered a sewer
  1520 | Sewer    | Noticed a crocodile
  1526 | Sewer    | Killed a crocodile
  1526 | Sewer    | Reached XP level 5. HP: 31/31 MP: 1/13
  1673 | D:3      | Reached XP level 6. HP: 36/36 MP: 5/15
  2394 | D:3      | Reached skill level 5 in Spellcasting
  2567 | D:4      | Reached XP level 7. HP: 39/41 MP: 0/17
  2569 | D:4      | Reached skill level 5 in Dodging
  2883 | D:4      | Found a sparkling altar of Nemelex Xobeh.
  2883 | D:4      | Found a faded altar of an unknown god.
  2895 | D:4      | Found a faded altar of an unknown god.
  2897 | D:4      | Found a sacrificial altar of Ru.
  2899 | D:4      | Found a shattered altar of Ashenzari.
  3040 | D:4      | Found a snail-covered altar of Cheibriados.
  3285 | D:5      | Entered Level 5 of the Dungeon
  3313 | D:5      | Noticed Grinder
  3327 | D:5      | Killed Grinder
  3327 | D:5      | Reached XP level 8. HP: 37/46 MP: 0/20
  3964 | D:5      | Found an opulent altar of Gozag.
  4031 | D:6      | Noticed Menkaure
  4033 | D:6      | Killed Menkaure
  4326 | D:6      | Reached XP level 9. HP: 51/51 MP: 18/23
  4547 | D:6      | Reached skill level 10 in Conjurations
  5288 | D:6      | Learned a level 3 spell: Regeneration
  5703 | D:6      | Found a runed door.
  5708 | D:6      | Noticed Crazy Yiuf
  5710 | D:6      | Killed Crazy Yiuf
  5771 | D:7      | Reached skill level 10 in Spellcasting
  5931 | D:7      | Noticed a troll
  5936 | D:7      | Killed a troll
  6193 | D:7      | Reached XP level 10. HP: 50/56 MP: 7/26
  6354 | D:7      | Lost mutation: Scrolls take you a little longer to read.
                  | [potion of mutation]
  6354 | D:7      | Lost mutation: You expend magic power (3 MP) to strengthen
                  | your wands. [potion of mutation]
  6354 | D:7      | Gained mutation: You are agile. (Dex +2) [potion of
                  | mutation]
  6354 | D:7      | Gained mutation: You are very agile. (Dex +4) [potion of
                  | mutation]
  6612 | D:7      | Reached skill level 1 in Charms
  6644 | D:7      | Got a transparent jade amulet
  6678 | D:7      | Found a staircase to the Ecumenical Temple.
  6684 | Temple   | Entered the Ecumenical Temple
  6907 | Temple   | Became a worshipper of Sif Muna the Loreminder
  7790 | D:8      | Found a basalt altar of Yredelemnul.
  8021 | D:8      | Found an iron altar of Okawaru.
  8341 | D:8      | Reached * piety under Sif Muna
  8341 | D:8      | Identified Sif Muna's Collected Works on Battle Magic (Sif
                  | Muna gifted it to you on level 8 of the Dungeon)
  8341 | D:8      | Received a gift from Sif Muna
  8341 | D:8      | Reached skill level 1 in Necromancy
  8398 | D:8      | Found a staircase to the Orcish Mines.
  8585 | D:8      | Found a hide-covered altar of Uskayaw.
  9079 | D:8      | Identified the amulet "Gaeh" {Inacc rElec Int-5 SInv} (You
                  | found it on level 7 of the Dungeon)
  9198 | D:9      | Found a staircase to the Lair.
  9375 | D:9      | Reached skill level 10 in Dodging
  9429 | D:9      | Found a snail-covered altar of Cheibriados.
  9439 | D:9      | Killed an unseen horror
  9439 | D:9      | Reached XP level 11. HP: 32/61 MP: 12/29
  9604 | D:9      | Reached skill level 1 in Evocations
  9700 | D:9      | Found a shadowy altar of Dithmenos.
  9914 | D:9      | Noticed a four-headed hydra
  9920 | D:9      | Killed a four-headed hydra
 10380 | D:9      | Found a large runed translucent door.
 10381 | D:9      | Found a large runed translucent door.
 10384 | D:9      | Noticed endorz's ghost (novice TrFi)
 10398 | D:9      | Killed endorz's ghost
 10398 | D:9      | Reached ** piety under Sif Muna
 10398 | D:9      | Identified Giloirhu's Catalogue of Mutagenic Combat Magic
                  | (Sif Muna gifted it to you on level 9 of the Dungeon)
 10398 | D:9      | Received a gift from Sif Muna
 10480 | D:9      | Got a translucent silver ring
 10481 | D:9      | Identified the ring of Eternal Night {*Contam rElec MR+
                  | Str+7 Int+4} (You found it on level 9 of the Dungeon)
 10638 | D:10     | Entered Level 10 of the Dungeon
 10709 | D:10     | Noticed Erolcha
 10714 | D:10     | Killed Erolcha
 10780 | D:10     | Noticed a cyclops
 10785 | D:10     | Killed a cyclops
 10850 | D:10     | Noticed a purple ugly thing
 10855 | D:10     | Killed a purple ugly thing
 11015 | D:10     | Reached XP level 12. HP: 59/66 MP: 17/31
 11136 | D:10     | HP: 1/66 [cyclops/large rock (31)]
 11139 | D:10     | Hit by a large rock thrown by a cyclops

Skill      XL: |  1  2  3  4  5  6  7  8  9 10 11 |
---------------+----------------------------------+-----
Conjurations   | 5 6 7 8 9 11 12 13 | 13.6
Dodging        | 3 4 6 7 8 10 11 | 11.5
Spellcasting   | 3 4 5 7 8 10 12 13 | 13.6
Stealth        | 2 3 |  3.4
Charms         | 1 2 |  2.4
Necromancy     | 1 2 |  2.6
Evocations     | 1 |  1.3
Staves         | |  0.3

Action                   |  1- 3 |  4- 6 |  7- 9 | 10-12 || total
-------------------------+-------+-------+-------+-------++-------
Melee: Quarterstaff      |       |       |       |    15 ||    15
 Cast: Magic Dart        |    57 |    48 |   202 |   157 ||   464
       Iskenderun's Myst |    10 |    32 |   127 |   217 ||   386
       Regeneration      |       |       |     3 |    12 ||    15
Evoke: Wand              |       |       |       |     4 ||     4
  Use: Scroll            |     4 |     5 |     2 |     1 ||    12
       Potion            |     3 |     1 |     5 |     5 ||    14
  Eat: Chunk             |       |     5 |    10 |    12 ||    27
       Ration            |       |       |       |     1 ||     1
Armor: Skin              |     1 |     6 |    14 |    17 ||    38
Dodge: Dodged            |     4 |    19 |    55 |    76 ||   154
Block: Other             |     1 |     3 |    21 |    26 ||    51
       Reflection        |       |       |       |     5 ||     5
